 Dungeon Crawl Stone Soup version 0.21.1-1-g345015f (webtiles) character file.

18 Supreme the Sneak (level 2, 11/13 HPs)
             Began as a Spriggan Enchanter on Mar 30, 2018.
             Quit the game on level 1 of the Dungeon.
             The game lasted 00:09:42 (448 turns).

Supreme the Sneak (Spriggan Enchanter)               Turns: 448, Time: 00:09:43

Health: 11/13      AC:  2    Str:  4    XL:     2   Next: 48%
Magic:  7/7        EV: 18    Int: 16    God:
Gold:   30         SH:  0    Dex: 16    Spells: 4/7 levels left

rFire    . . .     SeeInvis +   n - -2 dagger (curse)
rCold    . . .     Gourm    .   (shield restricted)
rNeg     . . .     Faith    .   b - +0 robe
rPois    .         Spirit   .   (helmet restricted)
rElec    .         Reflect  .   (no cloak)
rCorr    .         Harm     .   (gloves unavailable)
MR       .....                  (boots unavailable)
Stlth    +++.......             (no amulet)
HPRegen  0.04/turn              (no ring)
MPRegen  0.10/turn              (no ring)

@: very quick
A: very small, unfitting armour, see invisible, herbivore, speed 3, slow
metabolism 2
a: no special abilities


You were on level 1 of the Dungeon.
You were not hungry.

You visited 1 branch of the dungeon, and saw 2 of its levels.

You collected 30 gold pieces.

Inventory:

Hand Weapons
 a - a +1 dagger
 e - a +0 short sword
 g - a +0 dagger
 h - a +0 dagger
 i - a +0 dagger
 j - a +0 dagger
 l - a +0 dagger
 m - a cursed -2 short sword
 n - a cursed -2 dagger (weapon)
Missiles
 f - 33 stones (quivered)
Armour
 b - a +0 robe (worn)
Books
 c - a book of Maledictions

   Spells                             Type                      Level
   a - Corona                         Hexes                        1
   b - Ensorcelled Hibernation        Hexes/Ice                    2
   c - Confuse                        Hexes                        3
   d - Tukima's Dance                 Hexes                        3
   e - Dazzling Spray                 Conjuration/Hexes            3
Comestibles
 d - a ration


   Skills:
 + Level 1.3 Short Blades
 + Level 3.1 Dodging
 + Level 4.8 Stealth
 + Level 3.1 Spellcasting
 + Level 4.0 Hexes


You had 4 spell levels left.
You knew the following spells:

 Your Spells              Type           Power        Failure   Level  Hunger
a - Corona                Hex            ###....      3%          1    #......
b - Ensorcelled Hibernat  Hex/Ice        #.....       12%         2    ##.....


Dungeon Overview and Level Annotations

Branches:
Dungeon (2/15)

Altars:


Innate Abilities, Weirdness & Mutations

You are very small and have problems with some larger weapons.
You are too small for most types of armour.
You have supernaturally acute eyesight. (SInv)
You are a herbivore.
You cover ground extremely quickly.
You need consume almost no food.


Message History

You kill the kobold!
You see here a short sword.
m - a short sword You open the door.
There is an open door here.
There is an open door here.
A kobold comes into view. It is wielding an enchanted dagger.
The helpless kobold fails to defend itself.
You impale the kobold!!
You kill the kobold!
Your Hexes skill increases to level 4!
Things that are here:
an enchanted dagger; a kobold corpse
n - an enchanted dagger Wield which item (- for none, * to show all)? (? for menu, Esc to quit)
It sticks to your hand!
n - a cursed -2 dagger (weapon)
As you read the scroll labeled GUFIXE XOUSKOE, it crumbles to dust.
You feel aware of your surroundings.
It was a scroll of magic mapping.
Are you sure you want to abandon this character and quit the game? (Confirm with "yes".)

** *,******* ####.#####.##.###.
,*****,,,,,,,* #....##.##.##..
,,,,,,,,****,* #.##.##.##⌠.†..
,******,****,**####.......#####†.
,* *,*,,,,,,..#####.......###. ,*
*,*,**,**#.#####.###.....## **
*,,,,*,* #.##........#...#
*,,,,,,* #.##.##.##..#.#.#
***,**** #@.......#.##'### *,*
####.##.####...#* *,*
**#.####,#.....# *,*
*,...,,,,#.....# ****,****
*,....**,#.....# ** *,,,,,,,*
*,....#*,##...## ,*** *,**,**,*
*.....#*,*#####* ,,,***,**,**,*
*,,...#*,,,,,,,* ,,,,,,,**,**,*
***********,****


There were no monsters in sight!

Vanquished Creatures
  A dart slug (D:1)
  2 bats (D:1)
  2 giant cockroaches (D:1)
  A hobgoblin (D:1)
  5 kobolds (D:1)
  3 goblins (D:1)
  A rat (D:1)
15 creatures vanquished.

Notes
Turn   | Place    | Note
-------+----------+-------------------------------------------
     0 | D:1      | Supreme the Spriggan Enchanter began the quest for the Orb.
     0 | D:1      | Reached XP level 1. HP: 9/9 MP: 5/5
   135 | D:1      | Reached XP level 2. HP: 8/13 MP: 6/6
   140 | D:1      | Learned a level 2 spell: Ensorcelled Hibernation
   448 | D:1      | Quit the game

Skill      XL: |  1  2 |
---------------+-------+-----
Spellcasting   | 3 |  3.1
Hexes          | 4 |  4.0
Short Blades   | |  1.3
Dodging        | |  3.1
Stealth        | |  4.8

Action                   || total
-------------------------++-------
Melee: Dagger            ||    44
 Cast: Corona            ||     9
       Ensorcelled Hiber ||     5
  Use: Scroll            ||     1
 Stab: Sleeping          ||     8
Armor: Robe              ||     4
Dodge: Dodged            ||    25
